 Dungeon Sprint DCSS version 0.17-a0-2024-gc284f19 (webtiles) character file.

266 Ordine the Unseen (level 6, -8/28 HPs)
             Began as a Spriggan Enchanter on Oct 10, 2015.
             Mangled by a slime creature (11 damage)
             ... in the Dungeon (Sprint I: "Red Sonja").
             The game lasted 00:01:42 (177 turns).

Ordine the Unseen (Spriggan Enchanter)               Turns: 177, Time: 00:01:42

Health: -8/28      AC:  3    Str:  4    XL:     6   Next: 0%
Magic:  7/11       EV: 18    Int: 19    God:
Gold:   162        SH:  0    Dex: 16    Spells: 3 memorised, 4 levels left

rFire  . . .     SeeInvis +     a - +1 dagger
rCold  . . .     Clarity  .     b - +1 robe
rNeg   . . .     SustAt   .     (shield restricted)
rPois  .         Gourm    .     (helmet restricted)
rElec  .         Spirit   .     (no cloak)
rCorr  .         Warding  .     (gloves unavailable)
rMut   .         NoTele   +     (boots unavailable)
MR     +....                    (no amulet)
Stlth  ++++++++..               (no ring)
                                (no ring)

@: very quick, somewhat resistant to hostile enchantments, extraordinarily
stealthy
A: unfitting armour, see invisible, herbivore 3, speed 3, slow metabolism 2
a: no special abilities


You were in the Dungeon.
You were not hungry.

You visited 1 branch You collected 162 gold pieces.

Inventory:

Hand Weapons
 a - a +1 dagger (weapon)
Armour
 b - a +1 robe (worn)
Scrolls
 j - a scroll of blinking
Potions
 e - a potion of curing
 f - a potion of heal wounds
 g - a potion of haste
 h - 2 potions of magic
Books
 c - a book of Maledictions

   Spells                             Type                      Level
   a - Corona                         Hexes                        1
   b - Ensorcelled Hibernation        Hexes/Ice                    2
   c - Confuse                        Hexes                        3
   d - Tukima's Dance                 Hexes                        3
   e - Dazzling Spray                 Conjuration/Hexes            3
Comestibles
 d - a bread ration


   Skills:
 - Level 1.1 Short Blades
 - Level 3.0 Dodging
 + Level 18.0 Stealth
 - Level 2.6 Spellcasting
 - Level 3.6 Hexes


You had 4 spell levels left.
You knew the following spells:

 Your Spells              Type           Power        Failure   Level  Hunger
a - Corona                Hex            ###....      4%          1    None
b - Ensorcelled Hibernat  Hex/Ice        #.....       14%         2    ##.....
c - Confuse               Hex            ###.....     12%         3    ###....


Dungeon Overview and Level Annotations

Branches:
Dungeon (1/1)

Altars:
Cheibriados
Dithmenos
Fedhas
Jiyva


Innate Abilities, Weirdness & Mutations

You are tiny and cannot use many weapons and most armour.
You have supernaturally acute eyesight.
You are a herbivore.
You cover ground extremely quickly.
You need consume almost no food.


Message History

You hit the slime creature.
The slime creature is moderately wounded.
There is an open door here.
You hit the slime creature.
The slime creature is moderately wounded.
You see here a giant club.
You hit the slime creature.
The slime creature is moderately wounded.
There is an open door here.
You barely miss the slime creature.
The slime creature is moderately wounded.
The slime creature hits you!
* * * LOW HITPOINT WARNING * * *
You catch the helpless slime creature completely off-guard!
You impale the slime creature!!
The slime creature is almost dead.
You hit the slime creature.
The slime creature is almost dead.
The slime creature seems less confused.
The slime creature hits you!
You die...

###################
#<.#J@'..#..'..#__#
#..'†.#.)').#..'^.+
#..#####'#####+#__#
#..# #..# ### #..#
#### #..# #⌠⌠# ####


You could see a slime creature.

Vanquished Creatures
  Sigmund (D)
  An ogre (D)
  Ijyb (D)
3 creatures vanquished.

Notes
Turn   | Place    | Note
--------------------------------------------------------------
     0 | D        | Ordine the Spriggan Enchanter began the quest for the Orb.
     0 | D        | Reached XP level 1. HP: 9/9 MP: 5/5
     2 | D        | Noticed Ijyb
    15 | D        | Killed Ijyb
    15 | D        | Reached skill level 10 in Stealth
    15 | D        | Reached XP level 2. HP: 13/13 MP: 6/6
    48 | D        | Noticed an ogre
    51 | D        | Killed an ogre
    51 | D        | Reached skill level 14 in Stealth
    51 | D        | Reached XP level 3. HP: 14/16 MP: 8/8
    51 | D        | Reached XP level 4. HP: 18/21 MP: 9/9
    63 | D        | Noticed Sigmund
    67 | D        | Learned a level 2 spell: Ensorcelled Hibernation
    71 | D        | Killed Sigmund
    71 | D        | Reached skill level 18 in Stealth
    71 | D        | Reached XP level 5. HP: 17/24 MP: 3/10
    71 | D        | Reached XP level 6. HP: 19/28 MP: 3/11
   140 | D        | Learned a level 3 spell: Confuse
   151 | D        | Found a snail-covered altar of Cheibriados.
   151 | D        | Found a viscous altar of Jiyva.
   151 | D        | Found a shadowy altar of Dithmenos.
   151 | D        | Found a blossoming altar of Fedhas.
   151 | D        | Noticed a slime creature
   177 | D        | Mangled by a slime creature

Vault maps used:
D:        dungeon_sprint_1

Action                   |  1- 3 |  4- 6 || total
-------------------------+-------+-------++-------
Melee: Dagger            |    12 |    14 ||    26
 Cast: Ensorcelled Hiber |       |     2 ||     2
       Confuse           |       |     2 ||     2
  Use: Potion            |     1 |       ||     1
 Stab: Sleeping          |     1 |     1 ||     2
       Confused          |       |     1 ||     1
